 Dungeon Crawl Stone Soup version 0.30-a0-1157-g2cc9ac7196 (webtiles) character file.

Game seed: 17737967376342147771

53 cheesebisquit the Stinger (level 3, 0/21 HPs)
             Began as a Gargoyle Venom Mage on Apr 24, 2023.
             Slain by a gnoll
             ... wielding a +0 spear
              (2 damage)
             ... on level 2 of the Dungeon.
             The game lasted 00:05:56 (1902 turns).

cheesebisquit the Stinger (Gargoyle Venom Mage)     Turns: 1902, Time: 00:05:56

Health: 0/21       AC:  6    Str:  8 (11) XL:     3   Next: 87%
Magic:  2/6        EV: 11    Int: 15 (17) God:
Gold:   85         SH:  0    Dex:  7 (10) Spells: 1/7 levels left

rFire   . . .        l - +0 spear
rCold   . . .        (no shield)
rNeg    + . .        a - +0 robe
rPois   ∞            (no helmet)
rElec   +            (no cloak)
rCorr   .            c - +0 pair of gloves
SInv    .            (no boots)
Will    .....        (no amulet)
Stlth   ++           (no ring)
HPRegen 0.23/turn    (no ring)
MPRegen 0.10/turn

%: no passive effects
@: no status effects
A: sickness immunity, AC +3, negative energy resistance 1, electricity
resistance, torment resistance 1, petrification resistance
a: no special abilities


You were on level 2 of the Dungeon.
You visited 1 branch of the dungeon, and saw 2 of its levels.

You collected 85 gold pieces.

Inventory:

Hand Weapons
 l - a +0 spear (weapon)
Armour
 a - a +0 robe (worn)
 c - a +0 pair of gloves (worn)
Jewellery
 f - a ring of willpower
Scrolls
 i - 2 scrolls of identify {unknown}
 j - a scroll of teleportation {unknown}
Potions
 b - a potion of magic
 d - a potion of ambrosia {unknown}
 e - 2 potions of degeneration
 g - a potion of flight {unknown}
 h - a potion of attraction {unknown}
 k - 2 potions of curing {unknown}


   Skills:
 + Level 1.7 Fighting
 - Level 1.5 Dodging
 + Level 3.0 Stealth
 + Level 2.5 Spellcasting
 - Level 0.7 Transmutations
 + Level 3.4 Poison Magic


You had one spell level left.
You knew the following spells:

 Your Spells              Type           Power      Damage    Failure   Level
a - Sting                 Tmut/Pois      32%        1d4       9%          1
b - Poisonous Vapours     Pois/Air       14%        N/A       16%         2
c - Mephitic Cloud        Conj/Pois/Air  5%         N/A       36%         3

Your spell library contained the following spells:

 Spells                   Type           Power      Damage    Failure   Level
 Wereblood                Tmut           4%         N/A       24%         2
 Olgreb's Toxic Radiance  Pois           12%        N/A       45%         4
 Summon Hydra             Summ           0%         N/A       100%        7
 Sublimation of Blood     Necr           Unusable   N/A       N/A         2

Dungeon Overview and Level Annotations

Branches:
Dungeon (2/15)

Altars:


Innate Abilities, Weirdness & Mutations

You are immune to sickness and miasma.
Your stone body is resilient. (AC +3)
You are immune to poison.
You resist negative energy. (rN+)
You are resistant to electric shocks. (rElec)
You are resistant to unholy torment.
You are immune to petrification.


Message History

You finish memorising.
Spell assigned to 'c'.
Okay, then.
Found a stone staircase leading down.
Found 6 javelins.
You see here 6 javelins.
f - a ring of willpower
i - 2 scrolls labelled WOTHE XOCHUTO (gained 1)
A kobold comes into view. It is wielding a +0 dagger.
The sting hits the kobold.
The kobold is poisoned.
The kobold is heavily wounded.
You kill the kobold!
You can't see any susceptible monsters within range! (Use Z to cast anyway.)
Things that are here:
a +0 dagger; a kobold corpse You now have 85 gold pieces (gained 15).
A gnoll is nearby!
The sting misses the gnoll.
The gnoll shouts!
The sting hits the gnoll.
The gnoll is poisoned.
The gnoll is moderately wounded.
The gnoll hits you from afar with a +0 spear.
The gnoll hits you with a +1 vampiric whip.
The sting hits the gnoll.
The gnoll looks even sicker.
The gnoll is moderately wounded.
The gnoll hits you but does no damage. x2
The sting hits the gnoll.
The gnoll looks even sicker.
The gnoll is severely wounded.
The gnoll hits you with a +1 vampiric whip.
The gnoll barely misses you. The gnoll attacks as you move away!
The gnoll hits you but does no damage. The gnoll attacks as you move away!
The gnoll hits you with a +1 vampiric whip.
* * * LOW HITPOINT WARNING * * *
You kill the gnoll!
Your Stealth skill increases to level 3!
It was a potion of degeneration.
There was something very wrong with that liquid.
You feel weakened.
You feel dopey.
You feel clumsy.
The gnoll hits you from afar with a +0 spear.
You die...

#######..##.###.#
#...#
#..##.###.######.###
#..##.##.>.......#
##.##.##..#####..#
#.##.##..# #..#
#.##.....# #..#
#.#####..# #..# #
#..# #..# #.#####.@#
#..# .........###
#..#
#.......g#.###..#####
#.........#....<....#
#######.##..#######.#
#.###.# #.# #.# #.#
#.# #.# #.# #.# #.#
#.# #.#


You could see a gnoll.

Vanquished Creatures
  2 gnolls (D:2)
  2 dart slugs (D:2)
  A worm (D:2)
  5 endoplasms (D:1)
  2 giant cockroaches (D:1)
  3 hobgoblins (D:1)
  A ball python (D:1)
  5 bats (D:1)
  2 frilled lizards (D:1)
  3 kobolds
26 creatures vanquished.

Vanquished Creatures (others)
  11 plants (D:2)
11 creatures vanquished.

Grand Total: 37 creatures vanquished

Notes
Turn   | Place    | Note
-------+----------+-------------------------------------------
     0 | D:1      | cheesebisquit the Gargoyle Venom Mage began the quest for
                  | the Orb.
     0 | D:1      | Reached XP level 1. HP: 10/10 MP: 3/3
   280 | D:1      | Reached XP level 2. HP: 16/16 MP: 1/5
   844 | D:1      | Reached skill level 1 in Fighting
  1534 | D:2      | Reached XP level 3. HP: 17/20 MP: 6/6
  1678 | D:2      | HP: 1/20 [gnoll/+0 spear (2)]
  1819 | D:2      | Learned a level 2 spell: Poisonous Vapours
  1823 | D:2      | Learned a level 3 spell: Mephitic Cloud
  1901 | D:2      | HP: 1/20 [gnoll/+1 vampiric whip (6)]
  1902 | D:2      | Slain by a gnoll

Illustrated notes

Levels and vault maps discovered:
D:1:      psy_arrival_spokes, layout_basic
D:2:      layout_loops_ring, serial_forest, infiniplex_forest_clump_medium,
          infiniplex_forest_corner_1, infiniplex_forest_lined_room_,
          infiniplex_forest_clump_small, infiniplex_forest_clump_tiny,
          infiniplex_forest_clump_double, infiniplex_forest_clump_small,
          uniq_crazy_yiuf_cottage, uniq_sigmund, uniq_jessica

Skill      XL: |  1  2  3 |
---------------+----------+-----
Fighting       | 1 |  1.7
Stealth        | 3 |  3.0
Dodging        | |  1.5
Spellcasting   | |  2.5
Transmutations | |  0.7
Poison Magic   | |  3.4

Action                     || total
---------------------------++-------
  Melee: Unarmed           ||    38
         Punch             ||     2
         Spear             ||     5
   Cast: Sting             ||    66
    Use: Scroll            ||     1
         Potion            ||     1
   Stab: Sleeping          ||     1
 Armour: Robe              ||    35
  Dodge: Dodged            ||    46

Table legend: (Time is in decaauts)
 A = Elapsed time spent in this place.
 B = Non-inter-level travel time spent in this place.
 C = Inter-level travel time spent in this place.
 D = Time resting spent in this place.
 E = Time spent auto-exploring this place.
 F = Levels seen in this place.
 G = Mean time per level.
                   A        B        C        D        E       F      G
               +--------+--------+--------+--------+--------+-----+--------+
         Total |   1901 |   1878 |     23 |     52 |   1503 |   2 |  950.5 |
       Dungeon |   1901 |   1878 |     23 |     52 |   1503 |   2 |  950.5 |
               +--------+--------+--------+--------+--------+-----+--------+

Top non-repeatable levels by time:
     D:1: 1502 daAuts
     D:2: 399 daAuts
